 Dungeon Crawl Stone Soup version 0.22-a0-460-g49b1da7 (webtiles) character file.

2638 Gildeon the Cleaver (level 9, -1/75 HPs)
             Began as a White Draconian Fighter on June 9, 2018.
             Was a Believer of Nemelex Xobeh.
             Slain by a two-headed ogre
             ... wielding a +0 giant club
              (16 damage)
             ... on level 8 of the Dungeon.
             The game lasted 00:37:33 (6816 turns).

Gildeon the Cleaver (White Draconian Fighter)       Turns: 6816, Time: 00:37:34

Health: -1/75      AC: 11    Str: 20    XL:     9   Next: 35%
Magic:  12/12      EV: 16    Int: 11    God:    Nemelex Xobeh [**....]
Gold:   483        SH:  0    Dex: 10    Spells: 1/10 levels left

rFire    . . .     SeeInvis .   a - +0 war axe (drain)
rCold    + . .     Gourm    .   (no shield)
rNeg     . . .     Faith    .   (armour unavailable)
rPois    +         Spirit   .   (helmet restricted)
rElec    .         Reflect  .   (no cloak)
rCorr    .         Harm     .   s - +2 pair of gloves
MR       .....                  o - +0 pair of boots
Stlth    +.........             (no amulet)
HPRegen  0.22/turn              q - +3 ring of evasion
MPRegen  0.13/turn              n - ring of poison resistance

@: berserk cooldown, hasted, very quick
A: breathe frost, unfitting armour, cold resistance 1, cold-blooded, AC +7
a: Breathe Frost, Renounce Religion


You were on level 8 of the Dungeon.
You worshipped Nemelex Xobeh.
Nemelex Xobeh was pleased with you.
You were full.

You visited 2 branches of the dungeon, and saw 9 of its levels.

You collected 483 gold pieces.

Inventory:

Hand Weapons
 a - a +0 war axe of draining (weapon)
 b - a +3 hand axe
 c - a +2 mace of venom
Armour
 o - a +0 pair of boots (worn)
 s - a +2 pair of gloves (worn)
Jewellery
 n - a ring of poison resistance (right hand)
 q - a +3 ring of evasion (left hand)
 t - an uncursed ring of protection from cold
 z - an uncursed ring of resist corrosion
Scrolls
 l - 5 scrolls of remove curse
 x - 5 scrolls of teleportation
 y - a scroll of fear
Potions
 e - a potion of curing
 f - a potion of magic
 g - 4 potions of cancellation
 j - a potion of invisibility {unknown}
 k - 3 potions of haste
 m - 4 potions of flight {unknown}
 p - a potion of agility {unknown}
 r - a potion of brilliance {unknown}
 w - a potion of lignification {unknown}
Miscellaneous
 h - a plain deck of escape {drawn: 4}
Comestibles
 d - 10 rations
 u - 10 chunks of flesh


   Skills:
 + Level 5.8 Fighting
 * Level 9.8 Axes
 + Level 3.9 Dodging
   Level 3.0 Shields
 - Level 1.2 Spellcasting
 + Level 4.9 Invocations
   Level 3.9 Evocations


You had one spell level left.
You knew the following spells:

 Your Spells              Type           Power        Failure   Level  Hunger
a - Corona                Hex            #......      32%         1    ##.....
b - Ensorcelled Hibernat  Hex/Ice        #.....       43%         2    ###....
c - Confuse               Hex            #.......     67%         3    ####...
d - Dazzling Spray        Conj/Hex       #.....       67%         3    ####...

Your spell library contained the following spells:

 Spells                   Type           Power        Failure   Level  Hunger
 Tukima's Dance           Hex            #.......     67%         3    ####...


Dungeon Overview and Level Annotations

Branches:
Dungeon (8/15)             Temple (1/1) D:4
   Lair: D:8-11

Altars:
Ashenzari
Cheibriados
Dithmenos
Elyvilon
Fedhas
Gozag
Hepliaklqana
Kikubaaqudgha
Makhleb
Nemelex Xobeh
Okawaru
Qazlal
Ru
Sif Muna
Trog
Uskayaw
Vehumet
Wu Jian
Xom
Yredelemnul
Zin
The Shining One


Innate Abilities, Weirdness & Mutations

You can breathe waves of freezing cold.
You can buffet flying creatures when you breathe cold.
Your icy white scales are hard. (AC +7)
You cannot fit into any form of body armour.
Your flesh is cold resistant. (rC+)
You are cold-blooded and may be slowed by cold attacks.


Message History

The two-headed ogre is moderately wounded.
You completely miss the ice beast.
The ice beast hits you but does no damage.
You hit the two-headed ogre but do no damage.
The two-headed ogre is moderately wounded.
You slash the ice beast!
The two-headed ogre hits you but does no damage.
The two-headed ogre barely misses you.
You barely miss the two-headed ogre.
The two-headed ogre is moderately wounded.
You barely miss the ice beast.
The ice beast hits you but does no damage.
You hit the two-headed ogre. You drain the two-headed ogre!
The two-headed ogre is heavily wounded.
You hit the ice beast but do no damage. You drain the ice beast!
The two-headed ogre hits you with a giant club!!
* * * LOW HITPOINT WARNING * * *
The two-headed ogre hits you with a giant club!
You die...
Your body glows slightly and disappears.

#...)....###
###........#
#........#
#........#
####.....#
#.....#
#...###
#OY.########
#@..[.......
############


You could see a two-headed ogre and an ice beast.

Vanquished Creatures
  A two-headed ogre (D:8)
  A hippogriff (D:7)
  Sigmund (D:6)
  The ghost of Blackrapter the Chiller, an amateur KoIE (D:3)
  A black bear (D:7)
  A boggart (D:8)
  A crocodile (D:8)
  A wolf (D:8)
  2 scorpions
  A centaur zombie (D:7)
  A bullfrog zombie (D:5)
  2 hounds
  3 jellies
  2 orc priests (D:7)
  An iguana (D:6)
  Natasha (twice) (D:3)
  2 orc wizards (D:7)
  A worker ant (D:3)
  A hound skeleton (D:7)
  Robin (D:3)
  6 adders
  A shadow imp (D:6)
  An adder skeleton (D:4)
  3 worms
  2 dart slugs
  6 leopard geckos
  17 orcs
  2 ball pythons
  3 giant cockroaches
  12 goblins
  5 hobgoblins
  6 jackals (D:2)
  9 kobolds
  3 quokkas
  12 bats
  2 frilled lizards
  A quokka skeleton (D:5)
  8 rats
  A bush (D:4)
127 creatures vanquished.

Vanquished Creatures (collateral kills)
  Grinder (D:5)
  2 swamp drakes (D:8)
  The ghost of 4thArraOfDagon the Slasher, an amateur MiMo of Okawaru (D:6)
  Blork the orc (D:5)
  A bullfrog (D:5)
  A crimson imp (D:6)
  3 hounds
  An orc wizard (D:7)
  A quasit (D:5)
  An iguana (D:6)
  A worker ant (D:6)
  2 adders
  A gnoll (D:8)
  5 orcs
  A giant cockroach (D:5)
23 creatures vanquished.

Grand Total: 150 creatures vanquished

Notes
Turn   | Place    | Note
-------+----------+-------------------------------------------
     0 | D:1      | Gildeon the Draconian Fighter began the quest for the Orb.
     0 | D:1      | Reached XP level 1. HP: 19/19 MP: 1/1
   241 | D:1      | Reached XP level 2. HP: 26/26 MP: 2/2
   369 | D:1      | Reached skill level 3 in Axes
   887 | D:2      | Reached XP level 3. HP: 29/31 MP: 3/3
  1198 | D:2      | Reached skill level 4 in Axes
  1632 | D:2      | Reached XP level 4. HP: 25/38 MP: 4/4
  2184 | D:3      | Noticed Robin
  2189 | D:3      | Killed Robin
  2301 | D:3      | Noticed Blackrapter's ghost (amateur KoIE)
  2311 | D:3      | Killed Blackrapter's ghost
  2311 | D:3      | Reached skill level 6 in Axes
  2311 | D:3      | Reached XP level 5. HP: 32/45 MP: 5/5
  2513 | D:3      | Reached XP level 6. HP: 51/51 MP: 6/6
  2519 | D:3      | Noticed Natasha
  2523 | D:3      | Killed Natasha
  2772 | D:3      | Noticed Natasha
  2780 | D:3      | Killed Natasha
  2921 | D:4      | Reached skill level 1 in Evocations
  3235 | D:4      | Found Garhoej's Weapon Emporium.
  3502 | D:4      | Found a staircase to the Ecumenical Temple.
  3540 | Temple   | Entered the Ecumenical Temple
  3693 | Temple   | Became a worshipper of Nemelex Xobeh the Trickster
  3932 | D:5      | Entered Level 5 of the Dungeon
  3944 | D:5      | Received a gift from Nemelex Xobeh
  3975 | D:5      | Reached skill level 7 in Axes
  4084 | D:5      | Your scales start taking on an icy white colour.
  4084 | D:5      | Reached XP level 7. HP: 48/59 MP: 8/8
  4084 | D:5      | Gained mutation: Your flesh is cold resistant. (rC+) [White Draconian growth]
  4151 | D:5      | Noticed Blork the orc
  4161 | D:5      | Killed Blork the orc
  4162 | D:5      | Reached skill level 1 in Invocations
  4193 | D:5      | Noticed Grinder
  4209 | D:5      | Killed Grinder
  4777 | D:6      | Found a stormy altar of Qazlal.
  4813 | D:6      | Reached * piety under Nemelex Xobeh
  4831 | D:6      | Learned a level 1 spell: Corona
  4834 | D:6      | Learned a level 2 spell: Ensorcelled Hibernation
  4838 | D:6      | Learned a level 3 spell: Confuse
  4867 | D:6      | Noticed 4thArraOfDagon's ghost (amateur MiMo)
  4876 | D:6      | Killed 4thArraOfDagon's ghost
  4900 | D:6      | Found an ancient bone altar of Kikubaaqudgha.
  5055 | D:6      | Noticed Sigmund
  5093 | D:6      | Killed Sigmund
  5093 | D:6      | Reached skill level 8 in Axes
  5093 | D:6      | Reached skill level 1 in Spellcasting
  5093 | D:6      | Reached XP level 8. HP: 38/66 MP: 10/10
  5290 | D:6      | Received a gift from Nemelex Xobeh
  5511 | D:7      | Noticed a hippogriff
  5526 | D:7      | Killed a hippogriff
  5544 | D:7      | Learned a level 3 spell: Dazzling Spray
  6149 | D:7      | Found an ornate altar of the Wu Jian Council.
  6227 | D:7      | Found an opulent altar of Gozag.
  6235 | D:7      | Reached ** piety under Nemelex Xobeh
  6356 | D:7      | Found a shadowy altar of Dithmenos.
  6522 | D:8      | Received a gift from Nemelex Xobeh
  6529 | D:8      | Noticed Grum
  6532 | D:8      | Noticed Grum
  6532 | D:8      | Grum changed into Grum the swamp drake
  6534 | D:8      | Reached skill level 9 in Axes
  6537 | D:8      | Killed Grum the swamp drake
  6537 | D:8      | Reached skill level 5 in Fighting
  6564 | D:8      | Noticed a hippogriff
  6572 | D:8      | Noticed a hippogriff
  6783 | D:8      | Noticed a two-headed ogre
  6792 | D:8      | Killed a two-headed ogre
  6792 | D:8      | Reached XP level 9. HP: 75/75 MP: 12/12
  6797 | D:8      | Noticed a two-headed ogre
  6816 | D:8      | Slain by a two-headed ogre

Vault maps used:
D:1:      dpeg_arrival_water_temple_mockup
D:3:      first_ration, uniq_robin, uniq_natasha
D:4:      minmay_temple_entry_overgrown, serial_shops, shop, st_stairs_8
D:5:      uniq_blork_the_orc, uniq_grinder
D:6:      overflow_temple_1_default, basic_altar, uniq_sigmund
D:7:      grunt_gozag_breadcrumbs, basic_altar, grunt_dithmenos_smoke
D:8:      uniq_maurice, uniq_pikel, uniq_prince_ribbit1, uniq_grum
Temple:   regret_index_temple_chain_breaker

Skill      XL: |  1  2  3  4  5  6  7  8 |
---------------+-------------------------+-----
Axes           | 3 4 6 7 8 9 |  9.8
Evocations     | 1 3 |  3.9
Fighting       | 4 5 |  5.8
Dodging        | 3 |  3.9
Invocations    | 2 4 |  4.9
Spellcasting   | 1 |  1.2
Shields        | |  3.0

Action                   |  1- 3 |  4- 6 |  7- 9 || total
-------------------------+-------+-------+-------++-------
Melee: War axe           |   100 |   155 |    92 ||   347
       Tailslap          |     7 |    22 |    17 ||    46
 Abil: Breathe Frost     |       |       |     1 ||     1
Evoke: Wand              |       |     8 |    75 ||    83
       Deck              |       |     1 |    17 ||    18
  Use: Scroll            |     2 |    11 |     5 ||    18
       Potion            |       |     1 |     6 ||     7
 Stab: Distracted        |       |       |     1 ||     1
  Eat: Chunk             |     2 |     1 |     4 ||     7
       Ration            |       |     2 |     3 ||     5
Armor: Skin              |    35 |    39 |    30 ||   104
Dodge: Dodged            |    84 |    87 |    78 ||   249

Table legend:
 A = Spawn XP
 B = Non-spawn XP
 C = Spawn XP percentage of total XP
 D = Spawn monster count
 E = Non-spawn monster count
 F = Spawn count percentage of total count
 G = Total turns spent on level
                    A         B        C        D         E        F      G
               +---------+---------+-------+---------+---------+-------+---------
         Total |       0 |    3769 |   0.0 |       0 |     149 |   0.0 |  6816
               +---------+---------+-------+---------+---------+-------+---------
           D:1 |       0 |      24 |   0.0 |       0 |      17 |   0.0 |   732
           D:2 |       0 |      77 |   0.0 |       0 |      26 |   0.0 |  1163
           D:3 |       0 |     386 |   0.0 |       0 |      31 |   0.0 |   986
           D:4 |       0 |     173 |   0.0 |       0 |       6 |   0.0 |   887
           D:5 |       0 |     419 |   0.0 |       0 |      13 |   0.0 |   799
           D:6 |       0 |     494 |   0.0 |       0 |      17 |   0.0 |   655
           D:7 |       0 |     721 |   0.0 |       0 |      30 |   0.0 |  1311
           D:8 |       0 |    1475 |   0.0 |       0 |       9 |   0.0 |   119
               +---------+---------+-------+---------+---------+-------+---------
